 Dungeon Crawl Stone Soup version 0.30-a0-125-g51eefa89be (webtiles) character file.

Game seed: 1065654608665372441

3126 juncz the Fighter (level 10, -5/76 HPs)
             Began as a Djinni Conjurer on Sept 18, 2022.
             Slain by a wyvern (15 damage)
             ... on level 8 of the Dungeon.
             The game lasted 00:28:57 (14355 turns).

juncz the Fighter (Djinni Conjurer)                Turns: 14355, Time: 00:28:58

Health: -5/76      AC:  2    Str:  6    XL:     10   Next: 14%
Gold:   155        EV: 12    Int: 25    God:
                   SH:  5    Dex: 11

rFire   + + .      SeeInvis .    k - +2 spear (venom)
rCold   x . .      Faith    .    b - +0 buckler
rNeg    . . .      Spirit   .    a - +0 robe
rPois   ∞          Reflect  .    (no helmet)
rElec   .          Harm     .    (no cloak)
rCorr   .          Rampage  .    (no gloves)
Will    +....                    (boots unavailable)
Stlth   ++........               (no amulet)
HPRegen 0.22/turn                f - ring of wizardry
MPRegen 0.00/turn                j - ring of wizardry

@: flying
A: sickness immunity, fire resistance 2, cold vulnerability 1, float, innate
caster, HP casting, extra vitality 1
a: no special abilities


You were on level 8 of the Dungeon.
You visited 2 branches of the dungeon, and saw 9 of its levels.
You also visited: Ossuary.

You collected 349 gold pieces.
You spent 194 gold pieces at shops.

Inventory:

Hand Weapons
 c - a +0 dagger
 k - a +2 spear of venom (weapon)
Missiles
 e - 49 stones (quivered)
Armour
 a - a +0 robe (worn)
 b - a +0 buckler (worn)
Jewellery
 f - a ring of wizardry (left hand)
 j - a ring of wizardry (right hand)
 p - a +6 ring of dexterity
 v - a ring of positive energy
 w - a ring of fire
 B - a ring of ice
Wands
 h - a wand of roots (22)
 s - a wand of digging (4)
 u - a wand of mindburst (17)
 H - a wand of flame (22)
Scrolls
 g - 2 scrolls of fog
 n - 3 scrolls of poison
 o - 2 scrolls of fear
 t - 10 scrolls of teleportation
 y - 2 scrolls of enchant weapon
 z - a scroll of enchant armour
 C - a scroll of blinking
 I - a scroll of silence
Potions
 d - 4 potions of ambrosia
 i - 2 potions of heal wounds
 l - 2 potions of might
 m - 3 potions of haste
 q - 5 potions of lignification
 r - 3 potions of mutation
 x - 2 potions of brilliance
 A - 2 potions of curing {unknown}
 D - 2 potions of attraction {unknown}
 E - a potion of magic {unknown}
 F - 2 potions of flight {unknown}
 G - 2 potions of cancellation {unknown}
 J - 2 potions of berserk rage


   Skills:
 + Level 8.2 Fighting
 - Level 2.7 Dodging
 - Level 2.0 Stealth
 - Level 6.0 Shields
 + Level 7.3 Spellcasting


You couldn't memorise any spells.
You knew the following spells:

 Your Spells              Type           Power      Damage    Failure   Level
a - Magic Dart            Conj           100%       1d8       1%          1
b - Searing Ray           Conj           90%        2d7       1%          2
c - Dazzling Flash        Conj/Hex       90%        N/A       1%          3
d - Fulminant Prism       Conj/Hex       22%        3d13      1%          4
e - Iskenderun's Mystic   Conj/Tloc      45%        2d10      1%          4
f - Beastly Appendage     Tmut           90%        N/A       1%          1
g - Scorch                Fire           90%        2d9       1%          2
h - Ignite Poison         Fire/Tmut/Pois 45%        N/A       1%          3
i - Confusing Touch       Hex            45%        N/A       1%          3
Your spell library was empty.

Dungeon Overview and Level Annotations

Branches:
Dungeon (8/15)             Temple (1/1) D:4         Ossuary (visited)
   Lair: D:8-11

Altars:
Cheibriados
Dithmenos
Elyvilon
Gozag
Qazlal
Trog
Uskayaw
Wu Jian
Yredelemnul

Shops:
D:1 !   D:4 !?:?*   D:7 =


Innate Abilities, Weirdness & Mutations

You are immune to sickness and miasma.
You are immune to poison.
Your flesh is very heat resistant. (rF++)
You are vulnerable to cold. (rC-)
You float through the air rather than walking.
You learn spells naturally, not from books.
Your magical power is your life essence.
You have superior vitality. (+4 MHP)


Message History

You hear an angry hiss.
The basilisk gazes at you.
You easily resist.
The basilisk struggles to escape constriction.
Your limbs are stiffening.
Casting: Magic Dart (safe; 1% risk of failure)
Confirm with . or Enter, or press ? or * to list all spells.
Aiming: Fulminant Prism (dangerous; 1% risk of failure)
Press: ? - help, Dir - move target, p - basilisk You conjure a prism of explosive energy!
A fulminant prism comes into view.
The grasping roots constrict the basilisk.
The roots release their grip on the basilisk.
You have turned to stone.
Your fulminant prism crackles loudly.
Your fulminant prism explodes!
The blast of energy engulfs the basilisk!!
The basilisk is almost dead.
You hear an angry hiss. x3
The basilisk gazes at you.
A wyvern comes into view.
The basilisk gazes at you. x2
The basilisk bites you. The basilisk bites you! The wyvern bites you!
The wyvern bites you. The basilisk bites you! The wyvern bites you!!
You turn to flesh and can move again.
Casting: Fulminant Prism (dangerous; 1% risk of failure)
Confirm with . or Enter, or press ? or * to list all spells.
Flames lash the basilisk.
You kill the basilisk!
The wyvern bites you!
* * * LOW HITPOINT WARNING * * *
Casting: Scorch (safe; 1% risk of failure)
Confirm with . or Enter, or press ? or * to list all spells.
Flames lash the wyvern.
The wyvern is moderately wounded.
The wyvern's fire resistance burns away.
* * * LOW HITPOINT WARNING * * *
The wyvern bites you!
You die...

........#.##........#
#......#..#.......##
#.......###......#
#........#.......## ..#
#.......###.......##
..#.##.........#........#
..).#..........#.......##
.......
#..[.............###.##
.......
.##.....@.........# ###
.......
.......l.###....[.#
.......
.........###.######
###.... ........##...##
#⌠#.... .......)#.....#
###.... ..........##..
†...... ..#...#.........#
....... . #..####..*..c.#
.§.##.. #.. ####..#..


You could see a wyvern (combustible).

Vanquished Creatures
  A shadow (D:8)
  A basilisk (D:8)
  An acid dragon (D:8)
  3 water moccasins
  An orc warrior (D:6)
  2 sky beasts
  A black bear (D:5)
  2 ogres (D:4)
  A centaur (D:8)
  2 necrophages
  A kobold brigand (D:7)
  A gnoll sergeant (D:6)
  A scorpion (D:5)
  4 bullfrogs
  A water moccasin zombie (Ossuary)
  10 wights
  4 hounds
  3 orc priests
  2 jellies
  Terence (D:3)
  2 iguanas
  2 orc wizards (D:5)
  2 mummies (Ossuary)
  6 gnolls
  6 adders
  A shadow imp (D:8)
  An ufetubus (D:7)
  5 adder zombies (Ossuary)
  A worm (D:2)
  2 dart slugs
  16 orcs
  8 ball pythons
  4 bats
  7 endoplasms
  2 giant cockroaches
  6 hobgoblins
  3 jackals (D:2)
  6 kobolds
  5 quokkas
  3 gnoll zombies (Ossuary)
  7 goblins
  A hobgoblin zombie (Ossuary)
  6 kobold zombies (Ossuary)
  6 orc zombies (Ossuary)
  2 quokka zombies (D:6)
  3 rats
  14 fulminant prisms
170 creatures vanquished.

Vanquished Creatures (others)
  2 bushes
  27 fulminant prisms
  3 fungi (D:8)
  18 plants (D:8)
50 creatures vanquished.

Grand Total: 220 creatures vanquished

Notes
Turn   | Place    | Note
-------+----------+-------------------------------------------
     0 | D:1      | juncz the Djinni Conjurer began the quest for the Orb.
     0 | D:1      | juncz set off with the following spells memorised: Magic
                  | Dart, Searing Ray, Dazzling Flash, Fulminant Prism,
                  | Iskenderun's Mystic Blast.
     0 | D:1      | Reached XP level 1. HP: 15/15 MP: 0/0
   198 | D:1      | Reached XP level 2. HP: 19/21 MP: 0/0
   632 | D:1      | Reached XP level 3. HP: 23/25 MP: 0/0
   632 | D:1      | Learned a level 1 spell: Beastly Appendage
   678 | D:1      | Found Wokisiod's Distillery.
   684 | D:1      | Bought a potion of degeneration for 14 gold pieces
  1441 | D:2      | Reached skill level 1 in Fighting
  1564 | D:2      | Reached XP level 4. HP: 20/32 MP: 0/0
  2210 | D:2      | Reached skill level 1 in Shields
  2984 | D:3      | Noticed Terence
  2997 | D:3      | Killed Terence
  2998 | D:3      | Reached XP level 5. HP: 28/38 MP: 0/0
  2998 | D:3      | Learned a level 2 spell: Scorch
  3657 | D:3      | Reached skill level 2 in Fighting
  3729 | D:3      | Found a faded altar of an unknown god.
  4027 | D:4      | Found Lag Toq's General Store.
  4045 | D:4      | Bought a scroll of identify for 28 gold pieces
  4063 | D:4      | Noticed an ogre
  4067 | D:4      | Killed an ogre
  4068 | D:4      | Reached XP level 6. HP: 9/45 MP: 0/0
  4617 | D:4      | Found Rasost's Magic Scroll Emporium.
  4743 | D:4      | Bought a scroll of fog for 52 gold pieces
  4743 | D:4      | Bought a scroll of identify for 26 gold pieces
  4743 | D:4      | Bought a scroll of identify for 26 gold pieces
  4754 | D:4      | Found Gipsi's Magic Scroll Emporium.
  4757 | D:4      | Found Biravvoi's Distillery.
  4762 | D:4      | Bought a scroll of identify for 24 gold pieces
  4762 | D:4      | Bought a scroll of identify for 24 gold pieces
  4779 | D:4      | Found a staircase to the Ecumenical Temple.
  4836 | D:4      | Found Finumaky's Book Boutique.
  4892 | Temple   | Entered the Ecumenical Temple
  5178 | D:4      | Noticed an ogre
  5187 | D:4      | Killed an ogre
  5188 | D:4      | Reached skill level 3 in Fighting
  5710 | D:4      | Reached XP level 7. HP: 36/50 MP: 0/0
  5710 | D:4      | Learned a level 3 spell: Ignite Poison
  6124 | D:5      | Entered Level 5 of the Dungeon
  6270 | D:5      | Reached skill level 4 in Fighting
  7148 | D:5      | Reached XP level 8. HP: 11/58 MP: 0/0
  7891 | D:6      | Reached skill level 5 in Spellcasting
  7949 | D:6      | Identified the +1 leather armour "Gela" {Str+4}
  8093 | D:6      | Found a sand-covered staircase.
  8102 | Ossuary  | Entered an ossuary
 10281 | D:6      | Reached skill level 5 in Fighting
 10335 | D:6      | Reached skill level 5 in Shields
 10884 | D:6      | Reached XP level 9. HP: 30/65 MP: 0/0
 10884 | D:6      | Learned a level 3 spell: Confusing Touch
 11644 | D:6      | Found a white marble altar of Elyvilon.
 11903 | D:7      | Reached skill level 6 in Fighting
 12247 | D:7      | Found Gisahi's Jewellery Emporium.
 12984 | D:7      | Reached skill level 7 in Fighting
 14119 | D:8      | Reached XP level 10. HP: 27/76 MP: 0/0
 14283 | D:8      | Reached skill level 8 in Fighting
 14355 | D:8      | Slain by a wyvern

Illustrated notes

Levels and vault maps discovered:
D:1:      nicolae_arrival_somewhat_less_tricky_arrival, layout_rooms,
          serial_shops, shop
D:2:      layout_loops_cross
D:3:      layout_rooms, hellmonk_ecumenical_altar_blasted,
          minmay_misc_feat_roman, uniq_terence
D:4:      layout_layer_cave, minmay_temple_entry_poolview, serial_shops, shop,
          nicolae_shop_trees, shop, kennysheep_mini_moat, shop,
          chequers_serial_rivers_micro_d
D:5:      layout_gridville, mainiacjoe_overflow_surrounded_room,
          kennysheep_decorative_pillar, serial_park_tiny_1
D:6:      layout_loops_ring, overflow_temple_1_default, enter_ossuary_4
D:7:      minmay_spotlight, layout_cave_pods, dreamdust_princess_bridge,
          hex_medium, nicolae_take_the_stairs, grunt_decor_fettered
D:8:      layout_cave_pools, minmay_lair_entry_grove, feat_on_display
Temple:   chequers_temple_sunken

Skill      XL: |  1  2  3  4  5  6  7  8  9 10 |
---------------+-------------------------------+-----
Stealth        | 2 |  2.0
Fighting       | 1 2 3 4 5 7 8 |  8.2
Shields        | 1 2 3 4 5 6 |  6.0
Spellcasting   | 4 5 7 |  7.3
Dodging        | |  2.7

Action                   |  1- 3 |  4- 6 |  7- 9 | 10-12 || total
-------------------------+-------+-------+-------+-------++-------
Melee: Spear             |       |     5 |     2 |       ||     7
 Cast: Magic Dart        |    65 |    78 |    38 |     6 ||   187
       Beastly Appendage |       |     2 |     3 |       ||     5
       Scorch            |       |    16 |   109 |     7 ||   132
       Fulminant Prism   |       |     3 |    37 |     1 ||    41
       Iskenderun's Myst |       |       |     5 |       ||     5
Evoke: Wand              |       |       |       |     1 ||     1
  Use: Scroll            |       |     7 |    11 |       ||    18
       Potion            |       |       |     1 |       ||     1
Armor: Robe              |     4 |     1 |     5 |       ||    10
Dodge: Dodged            |    12 |     8 |    20 |     1 ||    41
Block: Buckler           |       |     1 |    12 |       ||    13

Table legend: (Time is in decaauts)
 A = Elapsed time spent in this place.
 B = Non-inter-level travel time spent in this place.
 C = Inter-level travel time spent in this place.
 D = Time resting spent in this place.
 E = Time spent auto-exploring this place.
 F = Levels seen in this place.
 G = Mean time per level.
                   A        B        C        D        E       F      G
               +--------+--------+--------+--------+--------+-----+--------+
         Total |  14360 |  14024 |    336 |   8180 |   4798 |  10 | 1436.0 |
       Dungeon |  12299 |  11990 |    309 |   6438 |   4674 |   8 | 1537.4 |
        Temple |    157 |    130 |     27 |      0 |    124 |   1 |  157.0 |
       Ossuary |   1902 |   1902 |      0 |   1742 |      0 |   1 | 1902.0 |
               +--------+--------+--------+--------+--------+-----+--------+

Top non-repeatable levels by time:
     D:6: 2269 daAuts
     D:4: 2089 daAuts
     D:7: 1970 daAuts
 Ossuary: 1902 daAuts
     D:5: 1771 daAuts
     D:2: 1718 daAuts
     D:1: 1213 daAuts
     D:3: 941 daAuts
     D:8: 326 daAuts
  Temple: 157 daAuts
